 Dungeon Crawl Stone Soup version 0.31-a0-441-g867994ef1c (webtiles) character file.

Game seed: 4927010301806112274

28 Fodor the Trooper (level 2, -5/23 (27) HPs)
             Began as a Minotaur Fighter on Aug 2, 2023.
             Killed from afar by Sigmund (8 damage)
             ... with a magic dart
             ... on level 2 of the Dungeon.
             The game lasted 00:03:36 (787 turns).

Fodor the Trooper (Minotaur Fighter)                 Turns: 787, Time: 00:03:37

HP:   -5/23 (27)    AC:  7    Str: 26    XL:     2   Next: 96%
MP:   1/1           EV:  9    Int:  5    God:
Gold: 47            SH:  4    Dex:  9    Spells: 1/1 levels left

rFire   . . .        a - +0 long sword
rCold   . . .        c - +0 buckler
rNeg    . . .        b - +0 scale mail
rPois   .            (helmet restricted)
rElec   .            (no cloak)
rCorr   .            (no gloves)
SInv    .            (no boots)
Will    .....        (no amulet) Stlth
                     f - +6 ring of strength
HPRegen 0.23/turn    (no ring)
MPRegen 0.07/turn

%: no passive effects
@: heavily drained
A: horns 2, retaliatory headbutt
a: no special abilities


You were on level 2 of the Dungeon.
You visited 1 branch of the dungeon, and saw 2 of its levels.

You collected 47 gold pieces.

Inventory:

Hand Weapons
 a - a +0 long sword (weapon)
Missiles
 h - 5 poisoned darts (quivered)
Armour
 b - a +0 scale mail (worn)
 c - a +0 buckler (worn)
Jewellery
 f - a +6 ring of strength (left hand)
Scrolls
 g - a scroll of blinking {unknown}
Potions
 d - a potion of might
 e - a potion of ambrosia {unknown}
 i - a potion of curing {unknown}


   Skills:
 + Level 4.2 Fighting
 + Level 3.0 Long Blades
 + Level 3.9 Armour
 + Level 0.1 Dodging
 + Level 3.9 Shields


You had one spell level left.
You didn't know any spells.
Your spell library contained the following spells:

 Spells                   Type           Power      Damage    Failure   Level
 Magic Dart               Conj           0%         1d3       80%         1
 Searing Ray              Conj           0%         2d4       91%         2
 Inner Flame              Hex/Fire       0%         N/A       99%         3
 Fulminant Prism          Conj/Hex       0%         3d5       100%        4
 Yara's Violent Unravell  Hex/Tmut       0%         3d3       100%        5
 Enfeeble                 Hex            0%         N/A       100%        7


Dungeon Overview and Level Annotations

Branches:
Dungeon (2/15)

Altars:

Annotations:
D:2 Sigmund


Innate Abilities, Weirdness & Mutations

You have a pair of horns on your head.
You reflexively headbutt those who attack you in melee.


Message History

You closely miss the goblin. Your headbutt misses the goblin.
The goblin hits you with a +1 dagger of draining.
You feel drained. Sigmund hits you but does no damage.
You hit the goblin.
You headbutt the goblin, but do no damage.
The goblin is heavily wounded.
The goblin hits you with a +1 dagger of draining.
You feel drained.
Sigmund hits you from afar with a +0 scythe.
The goblin misses you.
You closely miss the goblin.
The goblin is heavily wounded.
The goblin hits you with a +1 dagger of draining.
You feel drained. Sigmund hits you but does no damage.
You slash the goblin!
You kill the goblin!
Sigmund hits you from afar with a +0 scythe.
Your Long Blades skill increases to level 3!
You see here a +1 dagger of draining.
Sigmund closely misses you.
You barely miss Sigmund. You headbutt Sigmund.
Sigmund is lightly wounded.
You block Sigmund's attack.
You barely miss Sigmund.
Sigmund is lightly wounded.
Sigmund hits you with a +0 scythe.
You hit Sigmund but do no damage.
Sigmund is lightly wounded.
Sigmund barely misses you.
You barely miss Sigmund.
Sigmund is lightly wounded.
You hit Sigmund.
Sigmund is moderately wounded.
Sigmund hits you with a +0 scythe!
* * * LOW HITPOINT WARNING * * *
You hit Sigmund but do no damage.
Sigmund is moderately wounded.
Sigmund gestures at you while chanting. The magic dart hits you!
You die...

#......#...#
#..........#
#....#.#...#
#......#...# #
#.<........##.#
#.............
#.#..........####
#........@.......
#..#!...)@.......
#..#..#......#.##
#..#.......#.#
...#..#......# ##
#..#.......
#........### .
.....#..
.#.####.....


You could see Sigmund.

Vanquished Creatures
  2 dart slugs (D:1)
  2 endoplasms (D:1)
  2 giant cockroaches (D:1)
  4 goblins
  3 hobgoblins (D:1)
  4 bats (D:1)
  A frilled lizard (D:1)
  2 kobolds (D:1)
  A rat (D:1)
21 creatures vanquished.

Notes
Turn   | Place    | Note
-------+----------+-------------------------------------------
     0 | D:1      | Fodor the Minotaur Fighter began the quest for the Orb.
     0 | D:1      | Reached XP level 1. HP: 19/19 MP: 0/0
   212 | D:1      | Reached skill level 4 in Fighting
   212 | D:1      | Reached XP level 2. HP: 27/27 MP: 1/1
   772 | D:2      | Noticed Sigmund
   787 | D:2      | Killed from afar by Sigmund

Illustrated notes

Levels and vault maps discovered:
D:1:      tarquinn_simple_flora_water_f, layout_loops_ring
D:2:      layout_basic, dk_noncrumbling_2, uniq_sigmund

Skill      XL: |  1  2 |
---------------+-------+-----
Fighting       | 4 |  4.2
Long Blades    | 3 |  3.0
Armour         | |  3.9
Dodging        | |  0.1
Shields        | |  3.9

Action                     || total
---------------------------++-------
  Melee: Long sword        ||    64
         Headbutt          ||     8
 Armour: Scale mail        ||    37
  Dodge: Dodged            ||    36
  Block: Buckler           ||    23

Table legend: (Time is in decaauts)
 A = Elapsed time spent in this place.
 B = Non-inter-level travel time spent in this place.
 C = Inter-level travel time spent in this place.
 D = Time resting spent in this place.
 E = Time spent auto-exploring this place.
 F = Levels seen in this place.
 G = Mean time per level.
                   A        B        C        D        E       F      G
               +--------+--------+--------+--------+--------+-----+--------+
         Total |    804 |    804 |      0 |     36 |      0 |   2 |  402.0 |
       Dungeon |    804 |    804 |      0 |     36 |      0 |   2 |  402.0 |
               +--------+--------+--------+--------+--------+-----+--------+

Top non-repeatable levels by time:
     D:1: 786 daAuts
     D:2: 18 daAuts
